 Dungeon Crawl Stone Soup version 0.27-a0-637-g3a9f0a9c12 (webtiles) character file.

Game seed: 1368769036474125488

83 jestyr24 the Skirmisher (level 4, 35/35 HPs)
             Began as a Demonspawn Fighter on Mar 14, 2021.
             Was a Follower of Trog.
             Quit the game on level 2 of the Dungeon.
             The game lasted 00:08:35 (1797 turns).

jestyr24 the Skirmisher (Demonspawn Fighter)        Turns: 1797, Time: 00:08:35

Health: 35/35      AC:  6    Str: 17    XL:     4   Next: 22%
Magic:  4/4        EV:  7    Int: 10    God:    Trog [*.....]
Gold:   119        SH:  9    Dex: 12    Spells: 3/3 levels left

rFire    . . .     SeeInvis .   a - +0 long sword
rCold    . . .     Faith    .   c - +0 kite shield
rNeg     . . .     Spirit   .   b - +0 scale mail
rPois    .         Reflect  .   (no helmet)
rElec    .         Harm     .   (no cloak)
rCorr    .         Rampage  .   (no gloves)
Will     .....                  (no boots)
Stlth    ..........             (no amulet)
HPRegen  0.11/turn              (no ring)
MPRegen  0.09/turn              (no ring)

@: no status effects
A: demonic magic 2
a: Renounce Religion, Berserk


You were on level 2 of the Dungeon.
You worshipped Trog.
Trog was aware of your devotion.
You visited 1 branch of the dungeon, and saw 2 of its levels.

You collected 119 gold pieces.

Inventory:

Hand Weapons
 a - a +0 long sword (weapon)
Missiles
 e - 52 stones (quivered)
 h - 27 arrows
Armour
 b - a +0 scale mail (worn)
 c - a +0 kite shield (worn)
Scrolls
 f - a scroll of enchant weapon {unknown}
 g - a scroll of fog {unknown}
 k - 4 scrolls of identify {unknown}
 n - a scroll of amnesia {unknown}
Potions
 d - a potion of might
 i - a potion of attraction {unknown}
 j - 3 potions of mutation {unknown}
 l - a potion of curing {unknown}
 m - a potion of magic {unknown}


   Skills:
 + Level 3.5 Fighting
 + Level 2.6 Long Blades
 + Level 3.2 Armour
 + Level 0.6 Dodging
 + Level 0.1 Stealth
 + Level 3.0 Shields


You had 3 spell levels left.
You didn't know any spells.
Your spell library was empty.

Dungeon Overview and Level Annotations

Branches:
Dungeon (2/15)

Altars:
Qazlal
Trog


Innate Abilities, Weirdness & Mutations

Spells you cast may paralyse nearby enemies.


Message History

You slash the leopard gecko!
You kill the leopard gecko!
You open the door.
A rat comes into view.
There is an open door here.
You block the rat's attack.
You hit the rat but do no damage. The rat barely misses you.
You riposte.
You slash the rat!
You kill the rat!
You see here a rat corpse.
A frilled lizard, a rat and a giant cockroach come into view.
The frilled lizard hisses angrily.
You see here a rat corpse.
The giant cockroach bites you but does no damage. x2
You see here a rat corpse.
You slash the giant cockroach!
You kill the giant cockroach!
You miss the frilled lizard. You block the frilled lizard's attack.
The frilled lizard completely misses you.
You barely miss the frilled lizard. The frilled lizard bites you.
You hit the frilled lizard but do no damage.
You block the frilled lizard's attack. The frilled lizard bites you.
You barely miss the frilled lizard. You block the frilled lizard's attack.
You hit the frilled lizard.
You kill the frilled lizard!
The rat closely misses you.
You riposte.
You hit the rat.
You kill the rat!
Things that are here:
a rat corpse; a giant cockroach corpse
Things that are here:
a rat corpse; a giant cockroach corpse You see here a rat corpse.
There is an open door here.
There is an open door here.
There is a faded altar of an unknown god here.
You cannot tell which god this altar belongs to.
Convert to them anyway?
Trog accepts your prayer! Trog welcomes you!
You can now go berserk at will.
Are you sure you want to abandon this character and quit the game? (Confirm with "yes".)

..#
#.#####..###..#
#.# ###
..........##
.#. #
####.#.### # #
# #.#.# ###
##.#.# ..#
#..#.## ### #
#.....# #
#.##..♣..# #
##.#..♣@♣.# #
###......♣..###
.
...#.........#
# #...#.#..##.#
##..#.##.##.#
##......##)#
#...#####.#
#...# #.# #...#
#.#


There were no monsters in sight!

Vanquished Creatures
  A worker ant (D:2)
  An adder (D:2)
  A worm (D:2)
  2 dart slugs (D:1)
  4 leopard geckos
  A giant cockroach (D:2)
  4 goblins
  3 hobgoblins
  A ball python (D:1)
  5 bats (D:1)
  4 frilled lizards
  8 kobolds (D:1)
  10 rats
45 creatures vanquished.

Vanquished Creatures (others)
  2 plants (D:2)
2 creatures vanquished.

Grand Total: 47 creatures vanquished

Notes
Turn   | Place    | Note
-------+----------+-------------------------------------------
     0 | D:1      | jestyr24 the Demonspawn Fighter began the quest for the
                  | Orb.
     0 | D:1      | Reached XP level 1. HP: 18/18 MP: 1/1
    93 | D:1      | Gained mutation: Spells you cast may paralyse adjacent
                  | enemies. [demonic ancestry]
    93 | D:1      | Reached XP level 2. HP: 16/24 MP: 2/2
   855 | D:1      | Gained mutation: Spells you cast may paralyse nearby
                  | enemies. [demonic ancestry]
   855 | D:1      | Reached XP level 3. HP: 29/29 MP: 3/3
  1170 | D:2      | Found a stormy altar of Qazlal.
  1190 | D:2      | Reached XP level 4. HP: 13/35 MP: 4/4
  1501 | D:2      | Found a faded altar of an unknown god.
  1796 | D:2      | Became a worshipper of Trog the Wrathful
  1796 | D:2      | Reached * piety under Trog
  1797 | D:2      | Quit the game

Illustrated notes

Levels and vault maps discovered:
D:1:      minmay_arrival_arboretum_small, layout_loops_cross,
          minmay_misc_feat_hallway
D:2:      layout_loops_ring, lemuel_doored_altar,
          gammafunk_temple_overflow_forgotten, chequers_ecumenical_altar_simple,
          kennysheep_generic_room_11

Skill      XL: |  1  2  3 |
---------------+----------+-----
Armour         | 3 |  3.2
Long Blades    | 2 |  2.6
Shields        | 3 |  3.0
Fighting       | |  3.5
Dodging        | |  0.6
Stealth        | |  0.1

Action                   |  1- 3 |  4- 6 || total
-------------------------+-------+-------++-------
Melee: Long sword        |    92 |    21 ||   113
Armor: Scale mail        |    75 |     6 ||    81
Dodge: Dodged            |    41 |     6 ||    47
Block: Kite shield       |    70 |     7 ||    77
       Rpst.: Long sword |    20 |     3 ||    23

Table legend: (Time is in decaauts)
 A = Elapsed time spent in this place.
 B = Non-inter-level travel time spent in this place.
 C = Inter-level travel time spent in this place.
 D = Time resting spent in this place.
 E = Time spent auto-exploring this place.
 F = Levels seen in this place.
 G = Mean time per level.
                   A        B        C        D        E       F      G
               +--------+--------+--------+--------+--------+-----+--------+
         Total |   1857 |   1832 |     25 |    520 |    867 |   2 |  928.5 |
       Dungeon |   1857 |   1832 |     25 |    520 |    867 |   2 |  928.5 |
               +--------+--------+--------+--------+--------+-----+--------+

Top non-repeatable levels by time:
     D:1: 1029 daAuts
     D:2: 827 daAuts
